 Dungeon Crawl Stone Soup version 0.27.1-3-gb3d3a73c9e (webtiles) character file.

Game seed: 11905384944311277548

1012 DearestLeader the Charlatan (level 8, 0/60 HPs)
             Began as a Gnoll Wanderer on Oct 13, 2021.
             Slain by a bullfrog zombie (5 damage)
             ... in an ossuary.
             The game lasted 00:11:02 (5315 turns).

DearestLeader the Charlatan (Gnoll Wanderer)        Turns: 5315, Time: 00:11:02

Health: 0/60       AC:  3    Str: 13    XL:     8   Next: 21%
Magic:  14/14      EV: 12    Int: 14    God:
Gold:   109        SH:  0    Dex: 10    Spells: 11/15 levels left

rFire    . . .     SeeInvis .   e - +1 whip (elec)
rCold    + . .     Faith    .   (no shield)
rNeg     . . .     Spirit   .   q - +0 leather armour
rPois    .         Reflect  .   r - +0 helmet
rElec    .         Harm     .   (no cloak)
rCorr    .         Rampage  .   (no gloves)
Will     .....                  (no boots)
Stlth    ++........             (no amulet)
HPRegen  0.20/turn              (no ring)
MPRegen  0.14/turn              (no ring)

@: mighty, brilliant, unable to read
A: fangs 1, strong nose, distributed training, cold resistance 1, deformed body,
screaming 1, inability to read while threatened
a: no special abilities


You were in an ossuary.
You visited 1 branch of the dungeon, and saw 5 of its levels.
You also visited: Ossuary.

You collected 153 gold pieces.
You spent 44 gold pieces at shops.

Inventory:

Hand Weapons
 e - a +1 whip of electrocution (weapon)
 g - a +1 dire flail of protection
 y - a +2 dagger of venom
Missiles
 i - 14 sling bullets
 p - 18 arrows
 v - 21 bolts
 x - 12 poisoned darts
Armour
 b - a +0 ring mail
 q - a +0 leather armour (worn)
 r - a +0 helmet (worn)
Wands
 a - a wand of paralysis (10)
 z - a wand of iceblast (13)
Scrolls
 s - a scroll of blinking {unknown}
 u - a scroll of teleportation {unknown}
Potions
 f - a potion of haste
 k - 2 potions of curing
 l - a potion of cancellation
 m - 2 potions of flight
 n - a potion of brilliance
Miscellaneous
 c - a phial of floods


   Skills:
 + Level 4.0 Fighting
 + Level 3.0 Short Blades
 + Level 3.0 Long Blades
 + Level 3.0 Axes
 + Level 3.0 Maces & Flails
 + Level 3.0 Polearms
 + Level 3.0 Staves
 + Level 3.0 Slings
 + Level 3.0 Bows
 + Level 3.0 Crossbows
 + Level 3.0 Throwing
 + Level 5.5 Armour
 + Level 3.0 Dodging
 + Level 3.0 Stealth
 + Level 3.0 Shields
 + Level 3.0 Unarmed Combat
 + Level 4.2 Spellcasting
 + Level 4.6 Conjurations
 + Level 2.4 Hexes
 + Level 2.4 Summonings
 + Level 2.4 Necromancy
 + Level 2.4 Translocations
 + Level 2.4 Transmutations
 + Level 2.4 Fire Magic
 + Level 4.6 Ice Magic
 + Level 2.4 Air Magic
 + Level 2.4 Earth Magic
 + Level 2.4 Poison Magic
 + Level 3.3 Invocations
 + Level 5.5 Evocations


You had 11 spell levels left.
You knew the following spells:

 Your Spells              Type           Power      Damage    Failure   Level
a - Freeze                Ice            92%        1d10      3%          1
b - Frozen Ramparts       Ice            46%        1d6       11%         3

Your spell library contained the following spells:

 Spells                   Type           Power      Damage    Failure   Level
 Shock                    Conj/Air       76%        1d7       5%          1
 Static Discharge         Conj/Air       19%        N/A       9%          2
 Swiftness                Air            14%        N/A       26%         3
 Sticky Flame             Conj/Fire      19%        2d4       47%         4
 Airstrike                Air            7%         N/A       63%         4
 Dispel Undead            Necr           14%        3d10      63%         4


Dungeon Overview and Level Annotations

Branches:
Dungeon (5/15)            Ossuary (1/1)
 Temple: D:4-7

Altars:
Yredelemnul

Shops:
D:2 *

Annotations:
D:3 2 runed translucent doors, Linguinho's ghost, amateur GrFi


Innate Abilities, Weirdness & Mutations

You have very sharp teeth.
Your uncanny sense of smell can sniff out nearby items.
Your experience applies equally to all skills.
Your flesh is cold resistant. (rC+)
Armour fits poorly on your strangely shaped body.
You occasionally shout uncontrollably at your foes.
You sometimes lose the ability to read scrolls when taking damage.


Message History

You whack the bullfrog zombie!
Lightning courses through the bullfrog zombie!
You destroy the bullfrog zombie!
You whack the howler monkey zombie!
The howler monkey zombie is moderately damaged.
The howler monkey zombie hits you.
* * * LOW HITPOINT WARNING * * *
You whack the howler monkey zombie!
Lightning courses through the howler monkey zombie!
The howler monkey zombie is almost destroyed.
The howler monkey zombie hits you but does no damage.
You feel less attractive to monsters.
You whack the howler monkey zombie!
Lightning courses through the howler monkey zombie!!
You destroy the howler monkey zombie!
You can read scrolls again.
You hit the mummy.
The mummy is moderately damaged.
You barely miss the mummy.
The mummy is moderately damaged.
You completely miss the mummy.
The mummy is moderately damaged.
The mummy hits you!
You feel threatened and lose the ability to read scrolls!
* * * LOW HITPOINT WARNING * * *
You hit the mummy.
The mummy is heavily damaged.
You whack the mummy!
The mummy is severely damaged.
You can read scrolls again.
The mummy splashes around in the water.
You hit the mummy.
The mummy is almost destroyed.
You hit the mummy.
You destroy the mummy!
You start resting.
A bullfrog zombie comes into view.
The bullfrog zombie hits you.
You feel threatened and lose the ability to read scrolls!
You die...

≈≈≈ #≈≈# P#≈
.≈### ≈..≈#
#####.≈≈#
∆∆∆
#...#≈.P#
∆∆∆ #.∩@Z≈≈#
∆∆∆
#∩..#≈≈.≈≈≈#
#####≈####≈≈
Z≈


MM# ∆∆∆ ≈.. ∆∆∆ ≈#M# ∆∆∆ ≈..# You could see a bullfrog zombie.

Vanquished Creatures
  A wyvern (D:4)
  Edmund (D:4)
  A water moccasin (D:4)
  A scorpion (D:4)
  A water moccasin zombie (Ossuary)
  2 bullfrog zombies (Ossuary)
  A centaur zombie (Ossuary)
  Natasha (thrice) (D:2)
  4 killer bee zombies (Ossuary)
  A hound zombie (D:5)
  8 mummies
  A howler monkey zombie (Ossuary)
  3 adders
  An ufetubus (D:4)
  2 worms
  A dart slug (D:1)
  4 orcs (D:3)
  6 bats
  6 endoplasms
  2 giant cockroaches
  6 goblins
  7 hobgoblins
  5 jackals
  6 kobolds
  2 quokkas
  8 ball pythons
  4 frilled lizards
  4 rats
92 creatures vanquished.

Vanquished Creatures (others)
  A withered plant (Ossuary)
1 creature vanquished.

Grand Total: 93 creatures vanquished

Notes
Turn   | Place    | Note
-------+----------+-------------------------------------------
     0 | D:1      | DearestLeader the Gnoll Wanderer began the quest for the
                  | Orb.
     0 | D:1      | DearestLeader set off with the following items: a +0 club,
                  | a +0 ring mail, a phial of floods; and the following spell
                  | memorised: Freeze; and the following spells available to
                  | memorise: Frozen Ramparts
     0 | D:1      | Reached XP level 1. HP: 17/17 MP: 4/4
    28 | D:1      | Found a faded altar of an unknown god.
   114 | D:1      | Reached XP level 2. HP: 14/23 MP: 5/5
   978 | D:1      | Reached XP level 3. HP: 28/28 MP: 7/7
  1210 | D:2      | Found Reuwkyff's Assorted Antiques.
  1246 | D:2      | Bought an inky potion for 22 gold pieces
  1246 | D:2      | Bought an amethyst potion for 22 gold pieces
  1339 | D:2      | Reached skill level 1 in Invocations
  1406 | D:2      | Learned a level 3 spell: Frozen Ramparts
  1571 | D:2      | Noticed Natasha
  1579 | D:2      | Killed Natasha
  1580 | D:2      | Reached skill level 1 in Short Blades
  1580 | D:2      | Reached skill level 1 in Long Blades
  1580 | D:2      | Reached skill level 1 in Axes
  1580 | D:2      | Reached skill level 1 in Maces & Flails
  1580 | D:2      | Reached skill level 1 in Polearms
  1580 | D:2      | Reached skill level 1 in Staves
  1580 | D:2      | Reached skill level 1 in Slings
  1580 | D:2      | Reached skill level 1 in Bows
  1580 | D:2      | Reached skill level 1 in Crossbows
  1580 | D:2      | Reached skill level 1 in Throwing
  1580 | D:2      | Reached skill level 1 in Dodging
  1580 | D:2      | Reached skill level 1 in Stealth
  1580 | D:2      | Reached skill level 1 in Shields
  1580 | D:2      | Reached skill level 1 in Unarmed Combat
  1580 | D:2      | Reached XP level 4. HP: 19/34 MP: 4/8
  1831 | D:2      | Noticed Natasha
  1838 | D:2      | Killed Natasha
  1839 | D:2      | Reached skill level 1 in Hexes
  1839 | D:2      | Reached skill level 1 in Summonings
  1839 | D:2      | Reached skill level 1 in Necromancy
  1839 | D:2      | Reached skill level 1 in Translocations
  1839 | D:2      | Reached skill level 1 in Transmutations
  1839 | D:2      | Reached skill level 1 in Fire Magic
  1839 | D:2      | Reached skill level 1 in Air Magic
  1839 | D:2      | Reached skill level 1 in Earth Magic
  1839 | D:2      | Reached skill level 1 in Poison Magic
  1856 | D:2      | Noticed Natasha
  1868 | D:2      | Killed Natasha
  1869 | D:2      | Reached XP level 5. HP: 29/40 MP: 5/9
  1986 | D:2      | You fall into a shaft and drop 1 floor!
  2276 | D:3      | Found a large runed translucent door.
  2277 | D:3      | Found a large runed translucent door.
  2277 | D:3      | Noticed Linguinho's ghost (amateur GrFi)
  2419 | D:3      | Found a basalt altar of Yredelemnul.
  3229 | D:4      | Noticed Edmund
  3239 | D:4      | Noticed a water moccasin
  3557 | D:4      | Killed Edmund
  3558 | D:4      | Reached skill level 5 in Armour
  3558 | D:4      | Reached skill level 5 in Evocations
  3558 | D:4      | Reached XP level 6. HP: 24/47 MP: 1/11
  3733 | D:4      | Killed a water moccasin
  3935 | D:4      | Reached XP level 7. HP: 9/52 MP: 8/12
  4415 | D:4      | Noticed a wyvern
  4422 | D:4      | Killed a wyvern
  5142 | D:5      | Entered Level 5 of the Dungeon
  5186 | D:5      | Found a sand-covered staircase.
  5193 | Ossuary  | Entered an ossuary
  5273 | Ossuary  | Gained mutation: You sometimes lose the ability to read
                  | scrolls when taking damage. [potion of mutation]
  5273 | Ossuary  | Gained mutation: You occasionally shout uncontrollably at
                  | your foes. [potion of mutation]
  5273 | Ossuary  | Gained mutation: Armour fits poorly on your strangely
                  | shaped body. [potion of mutation]
  5273 | Ossuary  | Gained mutation: Your flesh is cold resistant. (rC+)
                  | [potion of mutation]
  5284 | Ossuary  | Reached XP level 8. HP: 17/60 MP: 14/14
  5303 | Ossuary  | HP: 3/60 [mummy (11)]
  5315 | Ossuary  | Slain by a bullfrog zombie

Illustrated notes

Levels and vault maps discovered:
D:1:      mrwooster_arrival_statue, layout_loops_corners,
          basic_ecumenical_altar, kennysheep_minor_cross, minmay_bisected
D:2:      layout_rooms, serial_shops, shop, minmay_box_of_dots, uniq_natasha
D:3:      layout_loops_cross, overflow_temple_1_default,
          ebering_ghost_disaster_area, corexii_hall_statues_u,
          minmay_misc_feat_rows, nrook_campfire, minmay_quantized
D:4:      layout_basic, uniq_edmund
D:5:      cheibrodos_thug_alley, layout_basic, nicolae_ossuary_entry_giza,
          minmay_misc_feat_ornament, uniq_ijyb
Ossuary:  ossuary_zaba_flooded

Skill      XL: |  1  2  3  4  5  6  7  8 |
---------------+-------------------------+-----
Invocations    | 1 2 3 |  3.3
Short Blades   | 1 2 3 |  3.0
Long Blades    | 1 2 3 |  3.0
Axes           | 1 2 3 |  3.0
Maces & Flails | 1 2 3 |  3.0
Polearms       | 1 2 3 |  3.0
Staves         | 1 2 3 |  3.0
Slings         | 1 2 3 |  3.0
Bows           | 1 2 3 |  3.0
Crossbows      | 1 2 3 |  3.0
Throwing       | 1 2 3 |  3.0
Dodging        | 1 2 3 |  3.0
Stealth        | 1 2 3 |  3.0
Shields        | 1 2 3 |  3.0
Unarmed Combat | 1 2 3 |  3.0
Spellcasting   | 3 4 |  4.2
Hexes          | 1 2 |  2.4
Summonings     | 1 2 |  2.4
Necromancy     | 1 2 |  2.4
Translocations | 1 2 |  2.4
Transmutations | 1 2 |  2.4
Fire Magic     | 1 2 |  2.4
Air Magic      | 1 2 |  2.4
Earth Magic    | 1 2 |  2.4
Poison Magic   | 1 2 |  2.4
Fighting       | 3 4 |  4.0
Conjurations   | 4 |  4.6
Ice Magic      | 4 |  4.6
Armour         | 5 |  5.5
Evocations     | 5 |  5.5

Action                   |  1- 3 |  4- 6 |  7- 9 || total
-------------------------+-------+-------+-------++-------
Melee: Whip              |    85 |   125 |    89 ||   299
       Club              |     3 |       |       ||     3
       Bite              |     3 |     5 |     6 ||    14
       Punch             |       |       |     1 ||     1
 Cast: Freeze            |     3 |     9 |       ||    12
       Frozen Ramparts   |     1 |     7 |     2 ||    10
  Use: Scroll            |     3 |     1 |     2 ||     6
       Potion            |       |       |     9 ||     9
 Stab: Sleeping          |       |     1 |       ||     1
Armor: Ring mail         |    31 |       |       ||    31
       Leather armour    |     3 |    36 |    24 ||    63
Dodge: Dodged            |    38 |    72 |    50 ||   160
